 Dungeon Crawl Stone Soup version 0.24.0-13-gcf9b319 (webtiles) character file.

Game seed: 15575773484171995591, levelgen mode: deterministic

38 Fortress the Vexing (level 3, 0/35 HPs)
             Began as an Ogre Arcane Marksman on Jan 13, 2020.
             Slain by a kobold (2 damage)
             ... on level 2 of the Dungeon.
             The game lasted 00:04:10 (1113 turns).

Fortress the Vexing (Ogre Arcane Marksman)          Turns: 1113, Time: 00:04:11

Health: 0/35       AC:  3    Str: 15    XL:     3   Next: 43%
Magic:  2/5        EV: 10    Int: 14    God:
Gold:   44         SH:  0    Dex:  9    Spells: 4/5 levels left

rFire    . . .     SeeInvis .   h - +0 mace
rCold    . . .     Gourm    .   (no shield)
rNeg     . . .     Faith    .   a - +0 robe
rPois    .         Spirit   .   (helmet restricted)
rElec    .         Reflect  .   (no cloak)
rCorr    .         Harm     .   (gloves unavailable)
MR       .....                  (boots unavailable)
Stlth    +.........             (no amulet)
HPRegen  0.11/turn              (no ring)
MPRegen  0.09/turn              (no ring)

@: flying, very slightly contaminated
A: large, unfitting armour, tough skin 1
a: no special abilities


You were on level 2 of the Dungeon.
You were very hungry.

You visited 1 branch of the dungeon, and saw 2 of its levels.

You collected 44 gold pieces.

Inventory:

Hand Weapons
 h - a +0 mace (weapon)
Armour
 a - a +0 robe (worn)
Scrolls
 b - a scroll of amnesia {unknown}
 d - a scroll of enchant armour {unknown}
Potions
 e - a potion of might {unknown}
 g - a potion of flight
Comestibles
 f - 7 rations


   Skills:
 + Level 1.7 Fighting
 + Level 2.4 Throwing
 - Level 2.0 Dodging
 - Level 0.2 Stealth
 + Level 1.6 Spellcasting
 + Level 3.3 Hexes


You had 4 spell levels left.
You knew the following spells:

 Your Spells              Type           Power        Failure   Level  Hunger
a - Corona                Hex            ##.....      6%          1    ##.....

Your spell library contained the following spells:

 Spells                   Type           Power        Failure   Level  Hunger
 Slow                     Hex            ##......     10%         2    ###....
 Inner Flame              Hex/Fire       #.......     36%         3    ####...
 Portal Projectile        Hex/Tloc       #.....       36%         3    ####...
 Cause Fear               Hex            ##........   54%         4    #####..
 Leda's Liquefaction      Hex/Erth       #.........   77%         4    #####..


Dungeon Overview and Level Annotations

Branches:
Dungeon (2/15)

Altars:


Innate Abilities, Weirdness & Mutations

You are too large for most types of armour.
You have tough skin. (AC +1)


Message History

The kobold closely misses you. The adder misses you.
The kobold hits you but does no damage. The kobold misses you.
You closely miss the adder.
The adder is almost dead.
The adder barely misses you. The kobold hits you.
* * * LOW HITPOINT WARNING * * *
The adder bites you.
* * * LOW HITPOINT WARNING * * *
The kobold barely misses you.
You closely miss the adder.
The adder is almost dead.
The adder barely misses you. The kobold barely misses you. The kobold hits you.
* * * LOW HITPOINT WARNING * * *
The adder bites you but does no damage. The kobold hits you but does no damage.
The kobold hits you.
* * * LOW HITPOINT WARNING * * *
It was a potion of flight.
You feel very buoyant.
You fly up into the air.
The adder completely misses you. The kobold hits you.
You die...

#.# .#.#
#####.###.#.#
...$.......
#........#
####........#
............#
#....SK...#
#....@K...#
#....((.%.#
##........#
#....(.(.#
#.........#
#.........#
#.#........
#...........


You could see an adder and 2 kobolds.

Vanquished Creatures
  An adder (D:2)
  2 oozes (D:1)
  A ball python (D:2)
  4 bats (D:1)
  2 giant cockroaches (D:1)
  6 goblins
  A hobgoblin (D:1)
  A frilled lizard (D:1)
  A kobold (D:1)
  2 rats (D:1)
21 creatures vanquished.

Notes
Turn   | Place    | Note
-------+----------+-------------------------------------------
     0 | D:1      | Fortress the Ogre Arcane Marksman began the quest for the
                  | Orb.
     0 | D:1      | Reached XP level 1. HP: 19/19 MP: 2/2
   116 | D:1      | Reached skill level 3 in Hexes
   116 | D:1      | Reached XP level 2. HP: 18/27 MP: 3/3
   896 | D:1      | Reached XP level 3. HP: 29/33 MP: 5/5
  1113 | D:2      | Slain by a kobold

Levels and vault maps discovered:
D:1:      dpeg_arrival_solitude, layout_basic
D:2:      layout_basic, grunt_temple_overflow_gold_and_silver,
          eat_drink_and_be_merry_uskayaw, nicolae_overflow_hidden_temple,
          first_ration, wander_ebering_terrifying_dragon_lair,
          uniq_crazy_yiuf_cottage, uniq_sigmund

Skill      XL: |  1  2 |
---------------+-------+-----
Hexes          | 3 |  3.3
Dodging        | 2 |  2.0
Fighting       | |  1.7
Throwing       | |  2.4
Stealth        | |  0.2
Spellcasting   | |  1.6

Action                   || total
-------------------------++-------
Melee: Unarmed           ||   106
       Mace              ||     8
Throw: Large rock        ||    33
       Throwing net      ||     2
 Cast: Corona            ||     8
  Use: Potion            ||     1
 Stab: Held in net/web   ||     2
Armor: Robe              ||    45
Dodge: Dodged            ||    78
